 Dungeon Crawl Stone Soup version 0.26-a0-962-g9b92081034 (webtiles) character file.

Game seed: 9714992597663488753

116 Dracia the Poker (level 4, 0/49 HPs)
             Began as a Demonspawn Warper on Dec 2, 2020.
             Slain by a gnoll
             ... wielding a +0 spear
              (6 damage)
             ... on level 2 of the Dungeon.
             The game lasted 00:04:23 (2981 turns).

Dracia the Poker (Demonspawn Warper)                Turns: 2981, Time: 00:04:23

Health: 0/49       AC:  8    Str: 13    XL:     4   Next: 70%
Magic:  7/7        EV: 11    Int: 14    God:
Gold:   148        SH:  0    Dex: 12    Spells: 7/7 levels left

rFire    . . .     SeeInvis .   a - +0 spear
rCold    . . .     Faith    .   (no shield)
rNeg     . . .     Spirit   .   j - +0 ring mail
rPois    .         Reflect  .   f - +1 helmet
rElec    .         Harm     .   (no cloak)
rCorr    .         Rampage  .   (no gloves)
MR       .....                  l - +0 pair of boots
Stlth    ..........             (no amulet)
HPRegen  1.16/turn              o - ring of attention
MPRegen  0.10/turn              (no ring)

@: berserking, very quick
A: hooves 1, demonic guardian 1, powered by death 1
a: no special abilities


You were on level 2 of the Dungeon.
You visited 1 branch of the dungeon, and saw 3 of its levels.

You collected 148 gold pieces.


Innate Abilities, Weirdness & Mutations

You have large cloven feet.
A weak demonic guardian rushes to your aid.
You regenerate a little health from kills.


   Skills:
 - Level 2.0 Fighting
 * Level 3.6 Polearms
 + Level 1.6 Throwing
 - Level 0.8 Armour
 - Level 1.7 Dodging
 - Level 2.0 Spellcasting
 + Level 3.4 Translocations


You had 7 spell levels left.
You didn't know any spells.
Your spell library contained the following spells:

 Spells                   Type           Power        Failure   Level
 Blink                    Tloc           N/A          19%         2
 Gell's Gravitas          Tloc           ##........   36%         3
 Lesser Beckoning         Tloc           ##........   36%         3
 Teleport Other           Tloc           ##......     36%         3
 Passage of Golubria      Tloc           N/A          77%         4

Inventory:

Hand Weapons
 a - a +0 spear (weapon)
Missiles
 e - 5 boomerangs of dispersal {=f=f}
 k - 13 poisoned darts (quivered)
 q - 7 datura-tipped darts
Armour
 b - a +0 leather armour
 f - a +1 helmet (worn)
 j - a +0 ring mail (worn)
 l - a +0 pair of boots (worn)
Jewellery
 o - a ring of attention (left hand)
Scrolls
 c - 2 scrolls of remove curse {@r2@r2}
 d - a scroll of blinking
 h - 2 scrolls of teleportation {unknown}
 p - a scroll of fog
 r - a scroll of identify {@r1@r1}
Potions
 g - a potion of curing {@q1@q1}
 i - a potion of berserk rage {!q!q}
 m - 2 potions of flight
 n - a potion of heal wounds {unknown}

Dungeon Overview and Level Annotations

Branches:
Dungeon (3/15)

Altars:
Hepliaklqana
Qazlal
Xom

#.# #...... ############ #.#
#.#####
#..........#####.#####.#####
#...........................
#...........####.#####.###.#
#......................# #.#
#...........####.####### #.#
########.##g####.###### #.#
#.##@..........# #.#
#.##g###.......# #.# #.##.#
##......####.# #.##(#
#............ #.##.#
#......###.)# #.##.#
#......# #..# #.##.#
#......# #Z.. #.##.#
#..##### #..#
#.##.####..#######..#


You could see 2 gnolls.


Message History

The leopard gecko closely misses you. The gnoll hits you but does no damage.
You closely miss the leopard gecko.
The leopard gecko is severely wounded.
The gnoll hits you with a +0 vorpal flail.
* * * LOW HITPOINT WARNING * * *
x2 The leopard gecko bites you.
* * * LOW HITPOINT WARNING * * *
Unknown command.
It was a potion of berserk rage.
A red film seems to cover your vision as you go berserk!
You feel yourself moving faster!
You feel mighty! The gnoll hits you with a +0 spear.
* * * LOW HITPOINT WARNING * * *
The leopard gecko bites you but does no damage.
The gnoll hits you with a +0 vorpal flail.
* * * LOW HITPOINT WARNING * * *
x2 You closely miss the leopard gecko.
The leopard gecko is heavily wounded.
The gnoll hits you but does no damage. The leopard gecko misses you.
The gnoll hits you but does no damage.
You closely miss the leopard gecko.
The leopard gecko is moderately wounded.
The leopard gecko misses you. The gnoll hits you but does no damage.
You barely miss the leopard gecko.
The leopard gecko is moderately wounded.
The gnoll misses you.
You puncture the leopard gecko!
You kill the leopard gecko!
The gnoll hits you with a +0 spear.
You die...

Skill      XL: |  1  2  3 |
---------------+----------+-----
Polearms       | 2 3 |  3.6
Translocations | 3 |  3.4
Throwing       | 1 |  1.6
Fighting       | |  2.0
Armour         | |  0.8
Dodging        | |  1.7
Spellcasting   | |  2.0

Action                   |  1- 3 |  4- 6 || total
-------------------------+-------+-------++-------
Melee: Spear             |   104 |   106 ||   210
Throw: Dart              |       |     2 ||     2
  Use: Scroll            |     5 |       ||     5
       Potion            |     1 |     1 ||     2
Armor: Leather armour    |    10 |       ||    10
       Ring mail         |    22 |    31 ||    53
Dodge: Dodged            |    45 |    61 ||   106

Levels and vault maps discovered:
D:1:      heliophobic_arrival_enchanted_forest, layout_basic,
          serial_park_tiny_pond, chequers_jeans
D:2:      layout_basic, minitemple
D:3:      layout_loops_ring

Notes
Turn   | Place    | Note
-------+----------+-------------------------------------------
     0 | D:1      | Dracia the Demonspawn Warper began the quest for the Orb.
     0 | D:1      | Reached XP level 1. HP: 16/16 MP: 3/3
   237 | D:1      | Reached skill level 2 in Polearms
   563 | D:1      | Gained mutation: A weak demonic guardian rushes to your
                  | aid. [demonic ancestry]
   563 | D:1      | Reached XP level 2. HP: 22/22 MP: 5/5
   985 | D:2      | Reached skill level 3 in Translocations
  1098 | D:2      | Gained mutation: You have large cloven feet. [demonic
                  | ancestry]
  1098 | D:2      | Reached XP level 3. HP: 6/27 MP: 6/6
  1363 | D:2      | Reached skill level 3 in Polearms
  1363 | D:2      | Reached skill level 1 in Throwing
  1499 | D:2      | Gained mutation: You regenerate a little health from kills.
                  | [demonic ancestry]
  1499 | D:2      | Reached XP level 4. HP: 26/33 MP: 7/7
  1665 | D:2      | Found a hazy altar of Hepliaklqana.
  1669 | D:2      | Found a shimmering altar of Xom.
  1671 | D:2      | Found a stormy altar of Qazlal.
  2981 | D:2      | Slain by a gnoll

Vanquished Creatures
  A bullfrog zombie (D:2)
  A gnoll (D:2)
  4 adders (D:2)
  An ooze (D:2)
  A worm (D:2)
  A dart slug (D:2)
  2 leopard geckos (D:2)
  7 giant cockroaches
  4 goblins
  4 hobgoblins
  A quokka (D:2)
  3 bats
  2 frilled lizards (D:1)
  5 kobolds
  3 rats (D:1)
40 creatures vanquished.

Table legend: (Time is in decaauts)
 A = Elapsed time spent in this place.
 B = Non-inter-level travel time spent in this place.
 C = Inter-level travel time spent in this place.
 D = Time resting spent in this place.
 E = Time spent auto-exploring this place.
 F = Levels seen in this place.
 G = Mean time per level.
                   A        B        C        D        E       F      G
               +--------+--------+--------+--------+--------+-----+--------+
         Total |   2973 |   2901 |     72 |    811 |   1712 |   3 |  991.0 |
       Dungeon |   2973 |   2901 |     72 |    811 |   1712 |   3 |  991.0 |
               +--------+--------+--------+--------+--------+-----+--------+

Top non-repeatable levels by time:
     D:2: 2027 daAuts
     D:1: 933 daAuts
     D:3: 12 daAuts

Table legend:
 A = Non-vault XP
 B = Vault XP
 C = Vault XP percentage of total XP
 D = Non-vault monster count
 E = Vault monster count
 F = Vault count percentage of total count
                 A         B        C        D         E       F
            +---------+---------+-------+---------+---------+-------
      Total |     170 |       0 |   0.0 |      40 |       0 |   0.0
            +---------+---------+-------+---------+---------+-------
        D:1 |      19 |       0 |   0.0 |      13 |       0 |   0.0
        D:2 |     151 |       0 |   0.0 |      27 |       0 |   0.0
            +---------+---------+-------+---------+---------+-------
